Map: Deathaura LE

Players

Future

  • Race: Terran Terran
  • Spawn Location: 5:00

Reynor - Winner!

  • Race: Zerg Zerg
  • Spawn Location: 11:00

Event: StayAtHomestory Cup #2

VOD

Have the link to the VOD?

Description

Time

  • Played on: June 11, 2020, 12:28 p.m.
  • Length: 6:06

All games in this series

Show
View Real Time Build Order
Export as new Build Order

Future Terran 

Build Orders: Command Center First (CC) 

Get SALT Encoding   

  12  0:00  SCV  
  13  0:13  SCV  
  14  0:16  Supply Depot  
  14  0:25  SCV  
  15  0:38  SCV  
  16  0:50  SCV  
  17  0:59  Command Center  
  17  1:02  SCV  
  18  1:12  Barracks  
  18  1:15  SCV  
  19  1:21  Refinery  
  19  1:27  SCV  
  19  1:29  Refinery  
  20  1:39  SCV  
  21  1:52  SCV  
  22  2:00  Reaper  
  23  2:05  Orbital Command  
  23  2:11  Orbital Command  
  23  2:13  Refinery  
  23  2:18  Factory  
  23  2:30  SCV  
  23  2:33  Barracks Reactor  
  24  2:37  SCV  
  24  2:42  SCV  
  26  2:49  SCV  
  27  2:55  SCV  
  28  3:01  SCV, Starport  
  28  3:04  Starport  
  29  3:07  SCV  
  30  3:13  SCV  
  30  3:15  Supply Depot  
  30  3:19  SCV  
  32  3:23  Hellion x2  
  32  3:25  SCV  
  37  3:31  SCV  
  38  3:37  SCV  
  38  3:38  Supply Depot  
  39  3:43  SCV  
  39  3:44  Marine  
  39  3:45  Fusion Core  
  41  3:49  SCV  
  41  3:51  Starport Tech Lab  
  41  3:55  SCV  
  45  3:58  Starport Tech Lab  
  45  4:01  SCV, Supply Depot  
  44  4:04  Hellion x2  
  44  4:07  SCV  
  49  4:14  SCV  
  49  4:15  Supply Depot  
  50  4:20  SCV  
  51  4:26  SCV  
  52  4:33  SCV  
  52  4:37  Battlecruiser  
  52  4:38  SCV  
  60  4:39  Battlecruiser  
  60  4:44  Refinery  
  66  4:45  Supply Depot  
  66  4:46  SCV  
  66  4:50  SCV  
  68  4:54  Supply Depot  
  68  5:10  Hellion x2  
  62  5:36  Hellion  
  62  5:37  Hellion  
  53  5:43  SCV x2  
Show
View Real Time Build Order
Export as new Build Order

Reynor Zerg - Winner!

Build Orders: Hatch First, Zergling Baneling 

Get SALT Encoding   

  12  0:02  Drone  
  13  0:13  Overlord  
  13  0:16  Drone  
  14  0:31  Drone x2  
  16  0:47  Hatchery  
  15  0:52  Drone  
  15  0:55  Drone  
  17  0:59  Drone  
  18  1:10  Extractor  
  17  1:17  Drone, Spawning Pool  
  17  1:21  Drone  
  18  1:28  Drone  
  19  1:39  Drone  
  20  1:49  Overlord  
  20  2:03  Queen x2  
  20  2:04  Zergling x2  
  26  2:12  Drone x2  
  28  2:21  Hatchery  
  26  2:23  Drone  
  26  2:26  Drone  
  28  2:31  Drone  
  28  2:33  Drone  
  30  2:42  Metabolic Boost  
  30  2:45  Queen  
  30  2:50  Overlord  
  32  2:52  Drone  
  32  2:54  Drone  
  32  2:57  Drone  
  35  3:04  Drone  
  36  3:09  Drone  
  38  3:12  Zergling x2  
  38  3:15  Overlord  
  38  3:17  Pneumatized Carapace  
  38  3:18  Drone x2  
  38  3:19  Drone  
  41  3:25  Queen  
  43  3:27  Zergling x2  
  43  3:31  Overlord  
  43  3:33  Drone  
  45  3:37  Zergling x2  
  45  3:40  Drone  
  47  3:45  Drone x2  
  49  3:49  Zergling x4  
  49  3:50  Drone  
  49  3:52  Drone  
  49  3:54  Overlord  
  53  4:02  Drone x3, Baneling Nest  
  55  4:03  Drone  
  55  4:06  Extractor  
  55  4:08  Drone x2  
  55  4:09  Queen  
  59  4:14  Queen  
  59  4:15  Drone  
  62  4:20  Zergling x6  
  62  4:21  Zergling x2  
  62  4:23  Zergling x2  
  67  4:26  Zergling x4  
  67  4:27  Zergling x2  
  67  4:28  Zergling x2  
  71  4:32  Overlord  
  71  4:33  Zergling x2  
  71  4:34  Zergling x2  
  71  4:35  Zergling x2  
  74  4:41  Overlord  
  74  4:47  Baneling x3  
  74  4:48  Baneling x4  
  74  4:50  Queen, Baneling  
  76  4:53  Zergling x2  
  76  4:54  Zergling x6  
  76  4:57  Queen  
  82  5:00  Baneling x2  
  82  5:03  Queen  
  83  5:08  Zergling x2  
  80  5:14  Baneling x2  
  80  5:19  Zergling x14  
  84  5:24  Baneling x3  
  84  5:26  Queen  
  82  5:33  Spore Crawler  
  82  5:35  Zergling x4  
  85  5:41  Zergling x8  
Tags
 
Add a new tag
Caveats
  • Supply blocks, unpowered buildings, or Contaminate may cause inaccurate times.
  • Supply counts are checked every 10 seconds.